 Dungeon Crawl Stone Soup version 0.25-a0-975-gcae8493d64 (webtiles) character file.

Game seed: 3797599509112056182, levelgen mode: deterministic

228 Flugslaktarn the Ruffian (level 5, -13/53 HPs)
             Began as a Troll Fighter on May 9, 2020.
             Was a Believer of Uskayaw.
             Killed by divine providence
             ... invoked by an orc priest
              (15 damage)
             ... on level 4 of the Dungeon.
             The game lasted 00:01:04 (1250 turns).

Flugslaktarn the Ruffian (Troll Fighter)            Turns: 1250, Time: 00:01:05

Health: -13/53     AC:  8    Str: 25    XL:     5   Next: 71%
Magic:  4/4        EV:  8    Int:  4    God:    Uskayaw [**....]
Gold:   84         SH:  0    Dex:  9    Spells: 4/4 levels left

rFire    . . .     SeeInvis .     - Unarmed
rCold    . . .     Gourm    +   b - +0 kite shield
rNeg     . . .     Faith    .   a - +0 robe
rPois    .         Spirit   .   (helmet restricted)
rElec    .         Reflect  .   j - +1 cloak {+Inv}
rCorr    .         Harm     .   (gloves unavailable)
MR       .....                  (boots unavailable)
Stlth    +.........             (no amulet)
HPRegen  0.57/turn              (no ring)
MPRegen  0.09/turn              (no ring)

@: confused, lethally poisoned (-13 -> -13)
A: large, unfitting armour, claws 3, fast metabolism 3, gourmand, regeneration
1, shaggy fur 1, tough skin 3
a: Stomp, Line Pass, Renounce Religion, Evoke Invisibility


You were on level 4 of the Dungeon.
You worshipped Uskayaw.
Uskayaw was noncommittal.
You were not hungry.

You visited 2 branches of the dungeon, and saw 5 of its levels.

You collected 84 gold pieces.

Inventory:

Armour
 a - a +0 robe (worn)
 b - a +0 kite shield (worn)
 j - a +1 cloak of invisibility (worn)
   (You found it on level 3 of the Dungeon)
Jewellery
 f - an uncursed ring of poison resistance {unknown}
   (You found it on level 1 of the Dungeon)
 g - a +1 ring of slaying {unknown}
   (You found it on level 1 of the Dungeon)
 k - a +4 ring of intelligence {unknown}
   (You found it on level 3 of the Dungeon)
 n - a cursed ring of protection from magic {unknown}
   (You found it on level 4 of the Dungeon)
Scrolls
 h - a scroll of teleportation {unknown}
 i - 2 scrolls of enchant weapon {unknown}
 l - 2 scrolls of identify {unknown}
 m - a scroll of enchant armour {unknown}
 o - a scroll of blinking {unknown}
Potions
 d - a potion of might
 e - 2 potions of curing {unknown}
Comestibles
 c - 4 rations


   Skills:
 * Level 3.6 Fighting
 + Level 3.0 Dodging
 + Level 3.1 Shields
 * Level 3.8 Unarmed Combat


You had 4 spell levels left.
You didn't know any spells.
Your spell library was empty.

Dungeon Overview and Level Annotations

Branches:
Dungeon (4/15)             Temple (1/1) D:4

Altars:
Ashenzari
Elyvilon
Gozag
Kikubaaqudgha
Nemelex Xobeh
Ru
Sif Muna
Uskayaw
Vehumet
Xom
The Shining One


Innate Abilities, Weirdness & Mutations

You are too large for most types of armour.
You have claws for hands.
Your metabolism is lightning-fast.
You like to eat raw meat.
Your natural rate of healing is unusually fast.
You are covered in fur. (AC +1)
You have extremely tough skin. (AC +3)


Message History

You are too confused!
You are too confused!
You are too confused!
You are too confused!
Unknown command.
You feel sick.
You claw something!
The orc wizard mumbles some strange words.
The orc wizard blinks!
The orc hits you with a +0 short sword.
You hear some strange, mumbled words.
A magic dart appears from out of thin air!
The magic dart hits you!
The ogre hits you with a +0 giant spiked club!
* * * LOW HITPOINT WARNING * * *
The orc closely misses you.
You can now pass through a line of other dancers.
You feel sick.
The orc priest mumbles some strange prayers to Beogh against you.
Beogh smites you!
You die...

#...... #......#...##.
.##.....####?.......#..##.
.............###....#.....
............# #.....(.....
#..........#####..#....##.
#......o.....#..#.....##
##....o.ยง..............#
###...o.#.....##...##..
##.O@.#.....##...##..
##.......o..........
#...##.......>....#
##...#.............
#........##...##..
###.....#.##...##..
#.......#........).
##.........##..#.##
##.#.........####


You could see an ogre, an orc priest, an orc wizard and 2 orcs.

Vanquished Creatures
  2 orc priests (D:4)
  Ijyb (D:3)
  Natasha (D:3)
  A worker ant (D:4)
  Terence (D:3)
  2 adders
  An ooze (D:1)
  A worm (D:3)
  3 dart slugs
  A leopard gecko (D:3)
  6 orcs
  3 giant cockroaches (D:1)
  4 goblins
  4 hobgoblins
  4 kobolds
  3 bats
  A jackal skeleton (D:4)
  2 rats
41 creatures vanquished.

Notes
Turn   | Place    | Note
-------+----------+-------------------------------------------
     0 | D:1      | Flugslaktarn the Troll Fighter began the quest for the Orb.
     0 | D:1      | Reached XP level 1. HP: 22/22 MP: 0/0
   123 | D:1      | Reached XP level 2. HP: 29/29 MP: 1/1
   451 | D:3      | Reached XP level 3. HP: 22/36 MP: 2/2
   643 | D:3      | Noticed Terence
   647 | D:3      | Killed Terence
   647 | D:3      | Reached XP level 4. HP: 41/45 MP: 3/3
   729 | D:3      | Noticed Ijyb
   740 | D:3      | Killed Ijyb
   875 | D:3      | Noticed Natasha
   882 | D:3      | Killed Natasha
   925 | D:4      | Reached XP level 5. HP: 53/53 MP: 4/4
   940 | D:4      | Found a staircase to the Ecumenical Temple.
   982 | Temple   | Entered the Ecumenical Temple
  1184 | Temple   | Became a worshipper of Uskayaw the Reveler
  1238 | D:4      | Noticed an ogre
  1245 | D:4      | Reached * piety under Uskayaw
  1249 | D:4      | HP: 2/53 [ogre/+0 giant spiked club (17)]
  1249 | D:4      | Reached ** piety under Uskayaw
  1250 | D:4      | Killed from afar by an orc priest

Illustrated notes

Levels and vault maps discovered:
D:1:      shiori_arrival_maze, layout_basic, chequers_serial_rivers_micro_b,
          minmay_misc_feat_columns
D:2:      layout_loops_corners, zin_statuary, fedhas_altar_3, first_ration
D:3:      minmay_skewed_foursquare, layout_rooms, minmay_misc_feat_square,
          uniq_natasha, uniq_terence, uniq_ijyb
D:4:      minmay_inner_zag, layout_cave_pools, minmay_temple_entry_stoned_glass,
          uniq_pikel
Temple:   minmay_temple_curvy_loop

Skill      XL: |  1  2  3  4  5 |
---------------+----------------+-----
Fighting       | 3 |  3.6
Unarmed Combat | 3 |  3.8
Shields        | 3 |  3.1
Dodging        | 3 |  3.0

Action                   |  1- 3 |  4- 6 || total
-------------------------+-------+-------++-------
Melee: Unarmed           |    78 |    53 ||   131
  Eat: Chunk             |     9 |     3 ||    12
Armor: Robe              |    28 |    19 ||    47
Dodge: Dodged            |    29 |    16 ||    45
Block: Kite shield       |    31 |    24 ||    55

Table legend:
 A = Non-vault XP
 B = Vault XP
 C = Vault XP percentage of total XP
 D = Non-vault monster count
 E = Vault monster count
 F = Vault count percentage of total count
                 A         B        C        D         E       F
            +---------+---------+-------+---------+---------+-------
      Total |     188 |     139 |  42.5 |      27 |      14 |  34.1
            +---------+---------+-------+---------+---------+-------
        D:1 |      26 |       4 |  13.3 |      11 |       2 |  15.4
        D:2 |       2 |       0 |   0.0 |       1 |       0 |   0.0
        D:3 |      26 |     135 |  83.9 |       9 |      12 |  57.1
        D:4 |     134 |       0 |   0.0 |       6 |       0 |   0.0
            +---------+---------+-------+---------+---------+-------
